 Dungeon Crawl Stone Soup version 0.26-a0-591-g04f19ec95a (webtiles) character file.

Game seed: 392725084360778782

789 Devinter the Chiller (level 7, -1/50 HPs)
             Began as a Demigod Ice Elementalist on Aug 24, 2020.
             Killed by nerve-wracking pain
             ... invoked by Grinder
              (10 damage)
             ... on level 5 of the Dungeon.
             The game lasted 00:30:44 (5222 turns).

Devinter the Chiller (Demigod Ice Elementalist)     Turns: 5222, Time: 00:30:44

Health: -1/50      AC: 10    Str: 11    XL:     7   Next: 31%
Magic:  9/17       EV: 13    Int: 21    God:
Gold:   298        SH:  0    Dex: 18    Spells: 9/16 levels left

rFire    . . .     SeeInvis .   I - +0 morningstar (holy)
rCold    . . .     Faith    .   (no shield)
rNeg     . . .     Spirit   .   a - +0 robe
rPois    .         Reflect  .   o - +0 helmet
rElec    .         Harm     .   (no cloak)
rCorr    +                      (no gloves)
MR       .....                  (no boots)
Stlth    ++........             s - amulet of the acrobat
HPRegen  0.16/turn              c - ring of resist corrosion
MPRegen  0.15/turn              (no ring)

@: icy armour, frozen ramparts
A: high mp 1
a: no special abilities


You were on level 5 of the Dungeon.
You visited 1 branch of the dungeon, and saw 5 of its levels.

You collected 298 gold pieces.

Inventory:

Hand Weapons
 d - a +0 dagger
 t - a +0 falchion
 w - a +1 halberd of venom
 B - a +0 quarterstaff
 F - a +2 dagger of speed
 I - a +0 morningstar of holy wrath (weapon)
Missiles
 b - 88 arrows
 i - 7 bolts
 j - 5 poisoned darts (quivered)
Armour
 a - a +0 robe (worn)
 o - a +0 helmet (worn)
 x - a +2 chain mail of fire resistance
Jewellery
 c - a ring of resist corrosion (left hand)
 s - an amulet of the acrobat (around neck)
Wands
 G - a wand of digging (5)
Scrolls
 e - a scroll of magic mapping {unknown}
 f - 2 scrolls of random uselessness {unknown}
 g - a scroll of fear {unknown}
 k - 2 scrolls of identify
 l - 3 scrolls of remove curse {unknown}
 p - a scroll of blinking {unknown}
 r - a scroll of enchant weapon {unknown}
 u - a scroll of immolation {unknown}
 v - 2 scrolls of teleportation {unknown}
 y - a scroll of enchant armour {unknown}
 C - a scroll of fog {unknown}
 J - a scroll of amnesia {unknown}
Potions
 h - a potion of stabbing {unknown}
 m - a potion of flight {unknown}
 n - 3 potions of heal wounds
 q - a potion of cancellation {unknown}
 z - a potion of mutation {unknown}
 A - a potion of ambrosia {unknown}
 D - a potion of degeneration {unknown}
 E - a potion of invisibility {unknown}
 H - 2 potions of curing {unknown}
 K - a potion of resistance {unknown}
 L - 2 potions of brilliance {unknown}


   Skills:
 + Level 4.3 Armour
 - Level 2.0 Dodging
 - Level 2.0 Stealth
 - Level 5.0 Spellcasting
 - Level 5.0 Ice Magic


You had 9 spell levels left.
You knew the following spells:

 Your Spells              Type           Power        Failure   Level
a - Freeze                Ice            ####         1%          1
b - Frozen Ramparts       Ice            ####..       4%          3
c - Ozocubu's Armour      Ice            ####....     4%          3

Your spell library contained the following spells:

 Spells                   Type           Power        Failure   Level
 Hailstorm                Conj/Ice       ###.....     36%         4
 Summon Ice Beast         Ice/Summ       ###.....     36%         4


Dungeon Overview and Level Annotations

Branches:
Dungeon (5/15)
 Temple: D:4-7

Shops:
D:5 =

Annotations:
D:4 Sigmund
D:5 Grinder


Innate Abilities, Weirdness & Mutations

You have an increased reservoir of magic. (+10% MP)


Message History

The wall freezes Grinder but do no damage.
Grinder hits you.
You writhe in agony.
* * * LOW HITPOINT WARNING * * *
You barely miss Grinder.
Grinder is moderately wounded.
Grinder resists.
The wall freezes Grinder.
Grinder gestures at you. You resist with some effort.
You puncture Grinder!
Grinder convulses!
Grinder is almost dead.
Grinder completely resists.
The wall freezes Grinder but do no damage.
Grinder gestures at you. Pain shoots through your body!
* * * LOW HITPOINT WARNING * * *
Grinder completely resists.
The wall freezes Grinder but do no damage.
Grinder gestures at you. Pain shoots through your body!
You die...

...##..##.....................##.
....##'##..........<.............
8...##..##..................####.
....†....#..................# #.
...##....#.#.#####..........# #.
..##'#..##.....##....######## ##
###..#####.........### #####
##....#.........##.# #....
.'....#........5@..# #....
.##..##....../.#+### #....
######.........#∩## #....
#........[..<..##############....
.......................#...##....
.#...............#.....#.........
.#.........................##....
.................#.>.....>.##....
.....).................#...<.....


You could see Grinder.

Vanquished Creatures
  A sky beast (D:2)
  An ogre (D:5)
  A scorpion (D:4)
  A hound (D:5)
  3 orc wizards
  3 orc priests
  2 bullfrog skeletons
  2 worker ants
  Robin (D:2)
  3 gnolls (D:3)
  7 adders
  2 shadow imps (D:5)
  3 oozes
  7 worms
  6 dart slugs
  5 leopard geckos
  7 orcs
  6 giant cockroaches
  14 goblins
  8 hobgoblins
  5 jackals
  5 kobolds
  A ball python (D:5)
  3 bats
  3 frilled lizards
  6 rats
106 creatures vanquished.

Vanquished Creatures (others)
  9 plants (D:3)
9 creatures vanquished.

Grand Total: 115 creatures vanquished

Notes
Turn   | Place    | Note
-------+----------+-------------------------------------------
     0 | D:1      | Devinter the Demigod Ice Elementalist began the quest for
                  | the Orb.
     0 | D:1      | Reached XP level 1. HP: 14/14 MP: 5/5
   206 | D:1      | Reached skill level 2 in Stealth
   208 | D:1      | Reached skill level 2 in Dodging
   237 | D:1      | Reached skill level 2 in Spellcasting
   260 | D:1      | Reached XP level 2. HP: 20/20 MP: 4/7
   430 | D:1      | Reached skill level 4 in Ice Magic
   596 | D:1      | Found a glowing golden altar of the Shining One.
   763 | D:2      | Reached XP level 3. HP: 25/26 MP: 0/9
   797 | D:2      | Learned a level 3 spell: Frozen Ramparts
   801 | D:2      | Learned a level 3 spell: Ozocubu's Armour
  1213 | D:2      | Found a blossoming altar of Fedhas.
  1329 | D:2      | Noticed Robin
  1338 | D:2      | Killed Robin
  1338 | D:2      | Reached XP level 4. HP: 24/33 MP: 2/11
  1381 | D:2      | Reached skill level 3 in Spellcasting
  1707 | D:2      | Noticed a sky beast
  1815 | D:2      | Killed a sky beast
  1815 | D:2      | Reached skill level 5 in Ice Magic
  1815 | D:2      | Reached XP level 5. HP: 17/38 MP: 7/13
  2018 | D:2      | Found a shadowy altar of Dithmenos.
  2145 | D:3      | Reached skill level 4 in Spellcasting
  2509 | D:3      | Reached XP level 6. HP: 26/45 MP: 8/15
  2902 | D:3      | Found a shattered altar of Ashenzari.
  3634 | D:4      | Noticed Sigmund
  3749 | D:4      | Reached skill level 1 in Armour
  3761 | D:4      | Reached skill level 2 in Armour
  3763 | D:4      | Reached skill level 5 in Spellcasting
  4025 | D:4      | Found a glowing golden altar of the Shining One.
  4124 | D:5      | Entered Level 5 of the Dungeon
  4137 | D:5      | Noticed Grinder
  4178 | D:5      | Reached skill level 3 in Armour
  4178 | D:5      | Reached XP level 7. HP: 31/50 MP: 10/17
  4517 | D:5      | Found Huifaca's Jewellery Shoppe.
  4654 | D:5      | Reached skill level 4 in Armour
  5215 | D:5      | Paralysed by Grinder for 3 turns
  5222 | D:5      | Killed from afar by Grinder

Illustrated notes

Levels and vault maps discovered:
D:1:      dpeg_arrival_three_same_balls, layout_basic, tso_metal_star
D:2:      layout_basic, grunt_dithmenos_smoke, fedhas_ov_isle_minmay,
          minmay_quantized, uniq_robin
D:3:      layout_basic, serial_bayou_pond_c, cheibrodos_ashenzari_chains
D:4:      layout_basic, lemuel_doored_altar, uniq_sigmund
D:5:      minmay_bubble_buster, layout_rooms, serial_shops,
          nicolae_shop_window_shopping, uniq_grinder

Skill      XL: |  1  2  3  4  5  6  7 |
---------------+----------------------+-----
Stealth        | 2 |  2.0
Dodging        | 2 |  2.0
Spellcasting   | 2 3 4 5 |  5.0
Ice Magic      | 4 5 |  5.0
Armour         | 3 4 |  4.3

Action                   |  1- 3 |  4- 6 |  7- 9 || total
-------------------------+-------+-------+-------++-------
Melee: Dagger            |    17 |       |       ||    17
       Falchion          |       |    21 |       ||    21
       Quarterstaff      |       |    11 |    22 ||    33
       Morningstar       |       |       |     6 ||     6
Throw: Dart              |     2 |    10 |       ||    12
 Cast: Freeze            |    64 |    61 |    37 ||   162
       Frozen Ramparts   |     1 |     7 |     3 ||    11
       Ozocubu's Armour  |       |     2 |     1 ||     3
  Use: Potion            |       |     1 |       ||     1
       Scroll            |       |       |     2 ||     2
 Stab: Sleeping          |     3 |       |       ||     3
Armor: Robe              |     8 |    20 |     3 ||    31
Dodge: Dodged            |    34 |    58 |    46 ||   138
       Rpst.: Falchion   |       |    11 |       ||    11

Table legend: (Time is in decaauts)
 A = Elapsed time spent in this place.
 B = Non-inter-level travel time spent in this place.
 C = Inter-level travel time spent in this place.
 D = Time resting spent in this place.
 E = Time spent auto-exploring this place.
 F = Levels seen in this place.
 G = Mean time per level.
                   A        B        C        D        E       F      G
               +--------+--------+--------+--------+--------+-----+--------+
         Total |   5242 |   5080 |    162 |   2033 |    359 |   5 | 1048.4 |
       Dungeon |   5242 |   5080 |    162 |   2033 |    359 |   5 | 1048.4 |
               +--------+--------+--------+--------+--------+-----+--------+

Top non-repeatable levels by time:
     D:2: 1521 daAuts
     D:5: 1107 daAuts
     D:3: 1075 daAuts
     D:4: 797 daAuts
     D:1: 741 daAuts
